 Dungeon Crawl Stone Soup version 0.32-a0-314-g526f7d4993 (webtiles) character file.

Game seed: 17157999718069325579

68 IdlyInterested the Changeling (level 4, -1/35 HPs)
             Began as a Demonspawn Shapeshifter on Feb 15, 2024.
             Slain by a gnoll
             ... wielding a +0 halberd
              (8 damage)
             ... on level 2 of the Dungeon.
             The game lasted 00:03:30 (977 turns).

IdlyInterested the Changeling (DsSh)                 Turns: 977, Time: 00:03:30

Health: -1/35      AC:  5    Str: 16    XL:     4   Next: 1%
Magic:  0/4        EV: 11    Int: 13    God:
Gold:   38         SH:  0    Dex: 18    Spells: 3/3 levels left

rFire   . .          .
                       - Unarmed
rCold   . . .        (no shield)
rNeg    . . .        f - +0 ring mail
rPois   .            (helmet currently unavailable)
rElec   .            (cloak currently unavailable)
rCorr   .            (gloves currently unavailable)
SInv    +            (boots currently unavailable)
Will    .....        (no amulet)
Stlth   +            h - +6 ring of dexterity
HPRegen 0.25/turn    m - ring of see invisible
MPRegen 0.18/turn

%: guardian spirit
@: beast-form
A: beast (slay +1), magic shield, magic regeneration, big brain 1
a: Begin Untransformation


You were on level 2 of the Dungeon.
You were a hulking beast.
You visited 1 branch of the dungeon, and saw 2 of its levels.

You collected 38 gold pieces.

Inventory:

Hand Weapons
 a - a +0 mace
 i - a +0 dagger
Missiles
 j - 30 stones (quivered)
Armour
 f - a +0 ring mail (worn)
 o - a +0 pair of boots
Jewellery
 h - a +6 ring of dexterity (left hand)
 m - a ring of see invisible (right hand)
Talismans
 c - a beast talisman (active)
 d - a flux talisman
Scrolls
 e - a scroll of enchant weapon {unknown}
 k - a scroll of identify {unknown}
 n - a scroll of blinking
Potions
 b - a potion of lignification
 g - a potion of haste {unknown}
 l - a potion of resistance {unknown}
 p - a potion of heal wounds {unknown}


   Skills:
 - Level 3.0 Fighting
 - Level 1.7 Dodging
 * Level 2.9 Unarmed Combat
 + Level 3.2 Shapeshifting


You had 3 spell levels left.
You didn't know any spells.
Your spell library contained the following spells:

 Spells                   Type           Power      Damage    Failure   Level
 Tukima's Dance           Hex            0%         N/A       87%         3
 Passage of Golubria      Tloc           0%         N/A       99%         4
 Yara's Violent Unravell  Hex/Alch       0%         3d3       100%        5


Dungeon Overview and Level Annotations

Branches:
Dungeon (2/15)

Altars:

Shops:
D:1 [


Innate Abilities, Weirdness & Mutations

You are a hulking beast.
Your limbs bulge with bestial killing power. (Slay +1)
When hurt, damage is shared between your health and your magic reserves.
You regenerate magic rapidly.
You have an unusually large brain. (Int +2)


Message History

You closely miss the gnoll.
The gnoll is moderately wounded.
The gnoll shouts!
The gnoll completely misses you.
You closely miss the gnoll.
The gnoll is moderately wounded.
The gnoll closely misses you.
You hit the gnoll.
The gnoll is heavily wounded.
The gnoll hits you but does no damage.
You hit the gnoll.
The gnoll is severely wounded.
The gnoll hits you with a +0 spear!
You hit the gnoll.
The gnoll is almost dead.
The gnoll hits you with a +0 spear.
You hit the gnoll.
You kill the gnoll!
Throw: 31 stones
Press: ? - help, Q - select action Shift-Dir - straight line, f - dart slug
Aim: a dart slug (93% to hit)
You throw a stone. The stone hits the dart slug.
The dart slug is heavily wounded.
A giant cockroach comes into view.
You hit the dart slug.
You kill the dart slug!
The gnoll hits you from afar with a +0 spear.
You have reached level 4!
You feel clever.
Your demonic ancestry asserts itself...
You feel your magical essence form a protective shroud around your flesh.
Okay, then.
The gnoll hits you from afar with a +0 halberd.
The gnoll hits you with a +0 spear.
* * * LOW HITPOINT WARNING * * *
Things that are here:
a +0 spear; a gnoll corpse You hit the gnoll.
The gnoll is lightly wounded.
The gnoll hits you from afar with a +0 halberd!
You die...

#.. .. #.##.##
####......
.....B. ..... #
##.## #.#
#..###..†#####
#.#
#.gggh.......#
#.#
#.####...###.#
#.# #(....## #.##
#.#
#.###.####..###.#
# #........##.#
#..#.#.#.##.#
#.###...........#
#..>.#.#.#.#.##.#
#..........#.#


You could see 3 gnolls and a giant cockroach.

Vanquished Creatures
  A gnoll (D:2)
  2 dart slugs
  A bat (D:1)
  2 endoplasms (D:1)
  A giant cockroach (D:1)
  2 goblins (D:1)
  2 hobgoblins
  3 jackals (D:1)
  2 kobolds (D:1)
  5 quokkas (D:1)
  A ball python (D:1)
  4 frilled lizards (D:1)
  4 rats (D:1)
30 creatures vanquished.

Notes
Turn   | Place    | Note
-------+----------+-------------------------------------------
     0 | D:1      | IdlyInterested the Demonspawn Shapeshifter began the quest
                  | for the Orb.
     0 | D:1      | Reached XP level 1. HP: 15/15 MP: 1/1
    72 | D:1      | Gained mutation: You regenerate magic rapidly. [demonic
                  | ancestry]
    72 | D:1      | Reached XP level 2. HP: 22/22 MP: 2/2
   131 | D:1      | Found Kucamikho's Armour Shop.
   412 | D:1      | Gained mutation: You have an unusually large brain. (Int
                  | +2) [demonic ancestry]
   412 | D:1      | Reached XP level 3. HP: 28/28 MP: 3/3
   976 | D:2      | Gained mutation: When hurt, damage is shared between your
                  | health and your magic reserves. [demonic ancestry]
   976 | D:2      | Reached XP level 4. HP: 12/35 MP: 4/4
   977 | D:2      | Slain by a gnoll

Illustrated notes

Levels and vault maps discovered:
D:1:      psy_arrival_terrarium, layout_basic, serial_shops,
          nicolae_shop_behind_doors, st_stairs_6, minmay_3d_cube
D:2:      layout_loops_ring, serial_glass, glass_columns_a, glass_columns_a,
          glass_columns_b, glass_columns_b, glass_columns_a, glass_columns_b,
          glass_columns_a, glass_columns_a, hellmonk_ecumenical_altar_run_dry,
          minmay_puff, uniq_jessica

Skill      XL: |  1  2  3 |
---------------+----------+-----
Fighting       | 2 3 |  3.0
Shapeshifting  | 3 |  3.2
Dodging        | |  1.7
Unarmed Combat | |  2.9

Action                     |  1- 3 |  4- 6 || total
---------------------------+-------+-------++-------
  Melee: Unarmed           |    90 |     1 ||    91
  Throw: Stone             |     1 |       ||     1
    Use: Scroll            |     1 |       ||     1
 Armour: Ring mail         |    50 |     3 ||    53
         Animal skin       |     1 |       ||     1
  Dodge: Dodged            |    44 |       ||    44

Table legend: (Time is in decaauts)
 A = Elapsed time spent in this place.
 B = Non-inter-level travel time spent in this place.
 C = Inter-level travel time spent in this place.
 D = Time resting spent in this place.
 E = Time spent auto-exploring this place.
 F = Levels seen in this place.
 G = Mean time per level.
                   A        B        C        D        E       F      G
               +--------+--------+--------+--------+--------+-----+--------+
         Total |    971 |    864 |    107 |     16 |    581 |   2 |  485.5 |
       Dungeon |    971 |    864 |    107 |     16 |    581 |   2 |  485.5 |
               +--------+--------+--------+--------+--------+-----+--------+

Top non-repeatable levels by time:
     D:1: 929 daAuts
     D:2: 42 daAuts
